 Dungeon Crawl Stone Soup version 0.29.1-2-gbd0b4ee654 (webtiles) character file.

Game seed: 13329008487177580512

253 raph the Firebug (level 5, -1/28 HPs)
             Began as a Deep Elf Fire Elementalist on Nov 21, 2022.
             Was an Initiate of Kikubaaqudgha.
             Slain by an orc
             ... wielding a +0 hand axe
              (2 damage)
             ... while paralysed by Grinder
             ... on level 4 of the Dungeon.
             The game lasted 00:04:07 (4023 turns).

raph the Firebug (Deep Elf Fire Elementalist)       Turns: 4023, Time: 00:04:07

Health: -1/28      AC:  2    Str:  5    XL:     5   Next: 90%
Magic:  2/13       EV:  2    Int: 22    God:    Kikubaaqudgha [......]
Gold:   104        SH:  0    Dex: 15    Spells: 9/12 levels left

rFire   . . .      SeeInvis .   c - +0 dagger
rCold   . . .      Faith    .   (no shield)
rNeg    . . .      Spirit   .   a - +0 robe
rPois   .          Reflect  .   (no helmet)
rElec   .          Harm     .   (no cloak)
rCorr   .          Rampage  .   (no gloves)
Will    .....                   (no boots)
Stlth   ++........              (no amulet)
HPRegen 0.09/turn               (no ring)
MPRegen 0.13/turn               (no ring)

@: paralysed
A: no striking features
a: Renounce Religion


You were on level 4 of the Dungeon.
You worshipped Kikubaaqudgha.
Kikubaaqudgha was noncommittal.
You visited 1 branch of the dungeon, and saw 4 of its levels.

You collected 104 gold pieces.

Inventory:

Hand Weapons
 c - a +0 dagger (weapon)
Armour
 a - a +0 robe (worn)
Wands
 k - a wand of flame (28)
Scrolls
 e - a scroll of blinking
 g - a scroll of torment {unknown}
 h - 2 scrolls of poison
 j - a scroll of identify
Potions
 b - a potion of magic
 d - 3 potions of might
 f - a potion of degeneration
 i - a potion of berserk rage


   Skills:
 - Level 2.4 Dodging
 - Level 2.4 Stealth
 + Level 4.3 Spellcasting
 + Level 2.7 Conjurations
 + Level 6.2 Fire Magic


You had 9 spell levels left.
You knew the following spells:

 Your Spells              Type           Power      Damage    Failure   Level
a - Foxfire               Conj/Fire      96%        2x1d8     1%          1
b - Scorch                Fire           64%        2d8       1%          2

Your spell library contained the following spells:

 Spells                   Type           Power      Damage    Failure   Level
 Conjure Flame            Conj/Fire      24%        6-21      4%          3
 Inner Flame              Hex/Fire       18%        N/A       9%          3
 Flame Wave               Conj/Fire      24%        2d8       17%         4
 Ozocubu's Armour         Ice            4%         N/A       32%         3
 Metabolic Englaciation   Hex/Ice        2%         N/A       96%         5
 Simulacrum               Ice/Necr       2%         N/A       100%        6


Dungeon Overview and Level Annotations

Branches:
Dungeon (4/15)
 Temple: D:4-7

Altars:
Kikubaaqudgha

Annotations:
D:3 3 runed translucent doors, boyan's ghost, amateur MiBe
D:4 Grinder


Message History

Casting: Foxfire (safe; 1% risk of failure)
Confirm with . or Enter, or press ? or * to list all spells.
You conjure some foxfire!
Grinder hits you!
You writhe in agony.
* * * LOW HITPOINT WARNING * * *
The foxfire hits Grinder.
Grinder is moderately wounded.
The foxfire hits Grinder but does no damage.
Grinder is moderately wounded.
Casting: Foxfire (safe; 1% risk of failure)
Confirm with . or Enter, or press ? or * to list all spells.
Flames lash Grinder.
Grinder is severely wounded.
Grinder's fire resistance burns away.
Grinder hits you but does no damage. The orc barely misses you.
Okay, then.
Casting: Scorch (safe; 1% risk of failure)
Confirm with . or Enter, or press ? or * to list all spells.
You conjure some foxfire!
The orc closely misses you.
Grinder says, "What is the universe for?"
Grinder closely misses you.
The foxfire hits Grinder!
Grinder is burned terribly!
Grinder is almost dead.
The foxfire hits Grinder.
Grinder is almost dead.
Grinder says, "I used to sell toenails on the black market."
There is an escape hatch in the ceiling here.
Casting: Foxfire (safe; 1% risk of failure)
Confirm with . or Enter, or press ? or * to list all spells.
Flames lash the orc.
You kill the orc!
Kikubaaqudgha accepts your kill. Grinder gestures at you.
Pain shoots through your body!
* * * LOW HITPOINT WARNING * * *
Grinder gestures at you.
You suddenly lose the ability to move!
Grinder is no longer more vulnerable to fire.
The orc hits you with a +0 hand axe.
You die...
Kikubaaqudgha rasps: "You have failed me!
Welcome... death!"

#...................#
.......#.....##....
.....#.##.....#....
....##.............
.....))....#.......
##........##...##
..)........5.#.##
.......)...)<...##
............o@...#
.............#....#
.............#..###
#....)...#.....##
###.....>##....#
........##.##.#
#........... .# .. .#


You could see Grinder and an orc.

Vanquished Creatures
  A phantom (D:4)
  A jelly (D:4)
  An iguana (D:4)
  4 adders
  A worm (D:2)
  4 dart slugs
  7 orcs
  5 ball pythons
  6 endoplasms
  A giant cockroach (D:1)
  4 goblins
  5 hobgoblins
  7 jackals
  5 kobolds
  4 quokkas
  6 bats
  2 frilled lizards (D:1)
  7 rats
71 creatures vanquished.

Vanquished Creatures (collateral kills)
  A foxfire (D:1)
1 creature vanquished.

Vanquished Creatures (others)
  239 foxfires
  15 plants (D:3)
254 creatures vanquished.

Grand Total: 326 creatures vanquished

Notes
Turn   | Place    | Note
-------+----------+-------------------------------------------
     0 | D:1      | raph the Deep Elf Fire Elementalist began the quest for the
                  | Orb.
     0 | D:1      | Reached XP level 1. HP: 10/10 MP: 6/6
   321 | D:1      | Reached XP level 2. HP: 9/15 MP: 0/8
   326 | D:1      | Learned a level 2 spell: Scorch
   444 | D:1      | Reached skill level 4 in Fire Magic
   846 | D:1      | Found a faded altar of an unknown god.
  1045 | D:2      | Reached XP level 3. HP: 19/19 MP: 2/9
  2093 | D:2      | Reached skill level 5 in Fire Magic
  2843 | D:3      | Reached XP level 4. HP: 24/24 MP: 5/10
  2884 | D:3      | Found a runed translucent gate.
  2884 | D:3      | Found a runed translucent gate.
  2884 | D:3      | Found a runed translucent gate.
  2885 | D:3      | Noticed boyan's ghost (amateur MiBe)
  2886 | D:3      | Noticed an ice beast
  3453 | D:3      | Found an ancient bone altar of Kikubaaqudgha.
  3585 | D:3      | Became a worshipper of Kikubaaqudgha
  3620 | D:4      | Reached XP level 5. HP: 28/28 MP: 2/12
  3943 | D:4      | Noticed a phantom
  3948 | D:4      | Killed a phantom
  3949 | D:4      | Reached skill level 6 in Fire Magic
  4009 | D:4      | Noticed Grinder
  4021 | D:4      | HP: 1/28 [Grinder/nerve-wracking pain (6)]
  4022 | D:4      | Paralysed by Grinder for 3 turns
  4023 | D:4      | Slain by an orc

Illustrated notes

Levels and vault maps discovered:
D:1:      lightli_molten_gateway, layout_rooms,
          shapermc_ecumenical_altar_mp_ritualfount
D:2:      layout_basic
D:3:      layout_rooms, mainiacjoe_overflow_cross_hatched, gammafunk_ghost_split
D:4:      layout_cave_pools, temple_hall, uniq_duvessa, uniq_crazy_yiuf_cottage,
          uniq_grinder

Skill      XL: |  1  2  3  4  5 |
---------------+----------------+-----
Fire Magic     | 4 5 6 |  6.2
Conjurations   | 2 |  2.7
Spellcasting   | 4 |  4.3
Dodging        | |  2.4
Stealth        | |  2.4

Action                   |  1- 3 |  4- 6 || total
-------------------------+-------+-------++-------
Melee: Unarmed           |     1 |       ||     1
       Dagger            |     6 |     4 ||    10
 Cast: Foxfire           |    75 |    69 ||   144
       Scorch            |     7 |     2 ||     9
  Use: Scroll            |       |     8 ||     8
 Stab: Sleeping          |     1 |       ||     1
Armor: Robe              |     5 |     3 ||     8
Dodge: Dodged            |    19 |     7 ||    26
